 Dungeon Sprint DCSS version 0.17-a0-2002-g92c7e20 (webtiles) character file.

13191 Kidiri the Unseen (level 11, -3/46 (47) HPs)
             Began as a Spriggan Enchanter on Oct 8, 2015.
             Was the Champion of Dithmenos.
             Killed from afar by a death drake (20 damage)
             ... with a foul vapour
             ... in the Dungeon (Sprint III: "The Ten Rune Challenge").
             The game lasted 00:13:15 (1972 turns).

Kidiri the Unseen (Spriggan Enchanter)              Turns: 1972, Time: 00:13:19

HP:   -3/46 (47)    AC:  4    Str:  4    XL:     11   Next: 72%
MP:   29/29         EV: 32    Int: 19    God:    Dithmenos [******]
Gold: 21            SH:  0    Dex: 18    Spells: 10 memorised, 1 level left

rFire  . . .     SeeInvis +     a - +1 dagger
rCold  . . .     Clarity  .     b - +1 robe
rNeg   . . .     SustAt   .     (shield restricted)
rPois  .         Gourm    .     (helmet restricted)
rElec  .         Spirit   .     k - +0 cloak
rCorr  .         Warding  .     (gloves unavailable)
rMut   .         NoTele   +     (boots unavailable)
MR     +....                    (no amulet)
Stlth  ++++++++++               (no ring)
                                (no ring)

@: lethally poisoned (-3 -> -51), non-regenerating, badly diseased, slowed,
wreathed by umbra, quick, somewhat resistant to hostile enchantments, uncannily
stealthy
A: unfitting armour, see invisible, herbivore 3, speed 3, slow metabolism 2,
wild magic 1, MP-powered wands
a: Shadow Step, Shadow Form, Renounce Religion


You were in the Dungeon.
You worshipped Dithmenos.
Dithmenos was exalted by your worship.
You were full.

You visited 1 branch You collected 21 gold pieces.

Inventory:

Hand Weapons
 a - a +1 dagger (weapon)
Armour
 b - a +1 robe (worn)
 k - a +0 cloak (worn)
Wands
 m - a wand of confusion (19)
Scrolls
 j - a scroll of blinking
 n - a scroll of enchant armour {unknown}
 o - a scroll of amnesia {unknown}
Potions
 e - a potion of curing
 f - 2 potions of heal wounds
 g - a potion of haste
 h - 2 potions of magic
 i - a potion of berserk rage
 l - a potion of might
 p - a potion of degeneration {unknown}
 q - 3 potions of flight
 t - 3 potions of brilliance {unknown}
Books
 c - a book of the Tempests

   Spells                             Type                      Level
   a - Static Discharge               Conjuration/Air              3
   b - Lightning Bolt                 Conjuration/Air              5
   c - Fireball                       Conjuration/Fire             5
   d - Tornado                        Air                          9
   e - Shatter                        Earth                        9
Comestibles
 d - 6 fruits
 s - 26 royal jellies


   Skills:
 * Level 12.7 Short Blades
 + Level 6.4 Armour
 * Level 16.0 Dodging
 * Level 17.4 Stealth
 * Level 13.6 Spellcasting
 + Level 6.2 Conjurations
 + Level 10.5 Hexes
 + Level 9.6 Translocations
 + Level 6.7 Ice Magic
 + Level 5.3 Air Magic
 + Level 1.9 Earth Magic
 - Level 2.4 Invocations


You had one spell level left.
You knew the following spells:

 Your Spells              Type           Power        Failure   Level  Hunger
a - Corona                Hex            ######.      1%          1    None
b - Ensorcelled Hibernat  Hex/Ice        ######       1%          2    None
c - Confuse               Hex            ######..     1%          3    None
d - Tukima's Dance        Hex            ######..     1%          3    None
e - Dazzling Spray        Conj/Hex       ######..     2%          3    None
f - Apportation           Tloc           ######....   1%          1    None
g - Invisibility          Hex            ######..     26%         6    #####..
h - Static Discharge      Conj/Air       ######..     4%          3    None
i - Lightning Bolt        Conj/Air       ######....   26%         5    ####...
j - Shatter               Erth           ####......   100%        9    #######


Dungeon Overview and Level Annotations

Branches:
Dungeon (1/1)

Altars:
Cheibriados
Dithmenos
Elyvilon
Fedhas
Gozag
Kikubaaqudgha
Makhleb
Nemelex Xobeh
Okawaru
Qazlal
Ru
Sif Muna
Trog
Vehumet
Xom
Yredelemnul
Zin
The Shining One
Jiyva
Lugonu


Innate Abilities, Weirdness & Mutations

You are tiny and cannot use many weapons and most armour.
You have supernaturally acute eyesight.
You are a herbivore.
You cover ground extremely quickly.
You need consume almost no food.
Your spells are a little harder to cast, but a little more powerful.
You expend magic power (3 MP) to strengthen your wands.


Message History

The foul vapour engulfs you!
You are poisoned.
You feel yourself slow down.
You emit a cloud of dark smoke.
You feel sick.
You feel sick.
You feel sick. The death drake misses you.
You feel sick.
You enter the shallow water.
Moving in this stuff is going to be slow.
You feel very sick. The death drake completely misses you.
You feel sick.
There is an open door to the Swamp here.
You feel sick. The death drake breathes miasma at you.
The foul vapour engulfs you!
You are lethally poisoned!
You feel your flesh rotting away!
You feel ill.
You die...

#%.♣♣ ♣♣♣##+#
###'♣♣♣♣♣♣♣♣♣♣♣♣♣♣♣ #...
♣♣♣♣.##..##≈≈≈≈≈≈..# #...
♣%..##.##.#≈≈≈≈≈..%# #).)
♣♣.##%##.##'≈≈≈≈≈####+####
♣..#.##...#≈≈....§§§.#
♣♣.##.##.)#≈..+#######
♣♣.##.#####...#....))#
♣.....##@.....#♣♣♣._)#
########§###### ##### #k♣♣
#♣.♣ ♣.♣♣ ♣♣Z♣ ♣§♣♣ ♣§♣
♣§§♣


You could see a death drake and a swamp dragon skeleton.

Vanquished Creatures
  Harold (D)
  Maud (D)
  2 hydras (D)
  A centaur warrior (D)
  Erica (D)
  A death drake (D)
  A spriggan druid (D)
  An unseen horror (D)
  A lindwurm (D)
  Joseph (D)
  A deep elf priest (D)
  2 spiny frogs (D)
  A komodo dragon (D)
  3 wandering mushrooms (D)
  A queen bee (D)
  3 redbacks (D)
  2 spriggans (D)
  A shadow (D)
  A spatial vortex (D)
  A necrophage (D)
  An earth elemental (D)
  2 centaurs (D)
  A water elemental (D)
  2 brain worms (D)
  32 killer bees (D)
  A jelly (D)
  A wizard (D)
  Crazy Yiuf (D)
  Jessica (D)
  A necromancer (D)
  3 humans (D)
  A kobold demonologist (D)
  2 rats (D)
76 creatures vanquished.

Vanquished Creatures (others)
  2 draconian scorchers (D)
  A yaktaur (D)
  An electric eel (D)
  5 plants (D)
9 creatures vanquished.

Grand Total: 85 creatures vanquished

Notes
Turn   | Place    | Note
--------------------------------------------------------------
     0 | D        | Kidiri the Spriggan Enchanter began the quest for the Orb.
     0 | D        | Reached XP level 1. HP: 9/9 MP: 5/5
    14 | D        | Noticed Jessica
    17 | D        | Killed Jessica
    17 | D        | Reached skill level 1 in Armour
    17 | D        | Reached skill level 6 in Stealth
    17 | D        | Reached XP level 2. HP: 13/13 MP: 6/8
    21 | D        | Learned a level 2 spell: Ensorcelled Hibernation
    60 | D        | Reached skill level 5 in Dodging
    60 | D        | Reached XP level 3. HP: 9/16 MP: 3/9
    65 | D        | Learned a level 3 spell: Confuse
    69 | D        | Learned a level 3 spell: Dazzling Spray
   205 | D        | Noticed Crazy Yiuf
   212 | D        | Killed Crazy Yiuf
   212 | D        | Reached skill level 7 in Stealth
   212 | D        | Reached XP level 4. HP: 21/21 MP: 7/11
   227 | D        | Learned a level 3 spell: Tukima's Dance
   238 | D        | Killed a yaktaur
   240 | D        | Gained mutation: You tend to lose your temper in combat. [potion of mutation]
   240 | D        | Gained mutation: You are dopey. (Int -2) [potion of mutation]
   240 | D        | Gained mutation: You are frail (-10% HP). [potion of mutation]
   242 | D        | Lost mutation: You tend to lose your temper in combat. [potion of cure mutation]
   242 | D        | Lost mutation: You are frail (-10% HP). [potion of cure mutation]
   242 | D        | Lost mutation: You are dopey. (Int -2) [potion of cure mutation]
   243 | D        | Gained mutation: Your spells are a little harder to cast, but a little more powerful. [potion of mutation]
   243 | D        | Gained mutation: You expend magic power (3 MP) to strengthen your wands. [potion of mutation]
   254 | D        | Killed a white draconian scorcher
   301 | D        | Noticed a water elemental
   324 | D        | Killed a water elemental
   324 | D        | Reached skill level 8 in Stealth
   324 | D        | Reached skill level 5 in Spellcasting
   324 | D        | Reached skill level 1 in Conjurations
   324 | D        | Reached skill level 5 in Hexes
   324 | D        | Reached skill level 1 in Ice Magic
   324 | D        | Reached XP level 5. HP: 11/24 MP: 0/14
   348 | D        | Killed a white draconian scorcher
   541 | D        | Noticed a jelly
   542 | D        | Noticed a shadow
   566 | D        | Killed a shadow
   566 | D        | Reached skill level 5 in Short Blades
   566 | D        | Reached skill level 9 in Stealth
   566 | D        | Reached XP level 6. HP: 28/28 MP: 0/16
   696 | D        | Killed a jelly
   703 | D        | Found a stormy altar of Qazlal.
   704 | D        | Found a sacrificial altar of Ru.
   704 | D        | Found a burning altar of Makhleb.
   704 | D        | Found a viscous altar of Jiyva.
   704 | D        | Found a shimmering altar of Xom.
   704 | D        | Found a shadowy altar of Dithmenos.
   704 | D        | Found a sparkling altar of Nemelex Xobeh.
   704 | D        | Found a corrupted altar of Lugonu.
   704 | D        | Found an opulent altar of Gozag.
   704 | D        | Noticed a spatial vortex
   708 | D        | Became a worshipper of Dithmenos the Shadowed
   720 | D        | Killed a spatial vortex
   720 | D        | Reached skill level 10 in Stealth
   720 | D        | Reached skill level 1 in Invocations
   838 | D        | Found a radiant altar of Vehumet.
   839 | D        | Found a deep blue altar of Sif Muna.
   839 | D        | Found an ancient bone altar of Kikubaaqudgha.
   839 | D        | Noticed a wizard
   840 | D        | Killed a wizard
   857 | D        | Learned a level 1 spell: Apportation
   864 | D        | Learned a level 6 spell: Invisibility
   878 | D        | Found a glowing silver altar of Zin.
   879 | D        | Found a glowing golden altar of the Shining One.
   879 | D        | Found a white marble altar of Elyvilon.
   879 | D        | Noticed a deep elf priest
   881 | D        | Killed a deep elf priest
   881 | D        | Reached skill level 11 in Stealth
   881 | D        | Reached XP level 7. HP: 32/32 MP: 17/19
   893 | D        | Found an iron altar of Okawaru.
   894 | D        | Found a bloodstained altar of Trog.
   894 | D        | Noticed a human
   894 | D        | Noticed a human
   896 | D        | Killed a human
   896 | D        | Reached skill level 10 in Dodging
   897 | D        | Killed a human
   897 | D        | Acquired Dithmenos's first power
   897 | D        | Reached XP level 8. HP: 36/36 MP: 18/21
   915 | D        | Found a snail-covered altar of Cheibriados.
   915 | D        | Noticed a necrophage
   916 | D        | Found a basalt altar of Yredelemnul.
   916 | D        | Found a blossoming altar of Fedhas.
   916 | D        | Noticed a necromancer
   922 | D        | Killed a necromancer
   923 | D        | Killed a necrophage
  1000 | D        | Noticed Erica
  1003 | D        | Killed Erica
  1003 | D        | Reached skill level 12 in Stealth
  1003 | D        | Reached skill level 10 in Spellcasting
  1011 | D        | Learned a level 3 spell: Static Discharge
  1017 | D        | Learned a level 5 spell: Lightning Bolt
  1021 | D        | Noticed an earth elemental
  1024 | D        | Killed an earth elemental
  1024 | D        | Reached skill level 5 in Translocations
  1029 | D        | Noticed a centaur
  1029 | D        | Noticed a centaur warrior
  1029 | D        | Noticed a centaur
  1031 | D        | Killed a centaur
  1031 | D        | Acquired Dithmenos's second power
  1031 | D        | Reached skill level 13 in Stealth
  1033 | D        | Killed a centaur warrior
  1033 | D        | Reached skill level 1 in Air Magic
  1033 | D        | Reached XP level 9. HP: 39/39 MP: 24/24
  1034 | D        | Killed a centaur
  1049 | D        | Noticed an unseen horror
  1055 | D        | Killed an unseen horror
  1055 | D        | Reached skill level 14 in Stealth
  1063 | D        | Noticed a killer bee
  1063 | D        | Noticed a killer bee
  1063 | D        | Noticed a killer bee
  1063 | D        | Noticed a killer bee
  1063 | D        | Noticed a killer bee
  1063 | D        | Noticed a killer bee
  1063 | D        | Noticed a killer bee
  1063 | D        | Noticed a killer bee
  1063 | D        | Noticed a killer bee
  1063 | D        | Noticed a killer bee
  1063 | D        | Noticed a killer bee
  1063 | D        | Noticed a killer bee
  1063 | D        | Noticed a killer bee
  1063 | D        | Noticed a killer bee
  1063 | D        | Noticed a killer bee
  1064 | D        | Noticed a killer bee
  1064 | D        | Noticed a killer bee
  1064 | D        | Noticed a killer bee
  1064 | D        | Noticed a queen bee
  1064 | D        | Noticed a killer bee
  1064 | D        | Noticed a killer bee
  1064 | D        | Noticed a killer bee
  1064 | D        | Noticed a killer bee
  1064 | D        | Noticed a killer bee
  1064 | D        | Noticed a killer bee
  1064 | D        | Noticed a killer bee
  1064 | D        | Noticed a killer bee
  1064 | D        | Noticed a killer bee
  1064 | D        | Noticed a killer bee
  1064 | D        | Noticed a killer bee
  1064 | D        | Noticed a killer bee
  1064 | D        | Noticed a killer bee
  1064 | D        | Noticed a killer bee
  1066 | D        | Killed a killer bee
  1068 | D        | Killed a killer bee
  1068 | D        | Acquired Dithmenos's third power
  1069 | D        | Killed a killer bee
  1070 | D        | Killed a killer bee
  1070 | D        | Reached skill level 10 in Short Blades
  1072 | D        | Killed a killer bee
  1072 | D        | Reached skill level 5 in Ice Magic
  1072 | D        | Killed a killer bee
  1194 | D        | Killed a killer bee
  1196 | D        | Killed a killer bee
  1200 | D        | Killed a killer bee
  1200 | D        | Acquired Dithmenos's fourth power
  1203 | D        | Killed a killer bee
  1205 | D        | Killed a killer bee
  1208 | D        | Killed a killer bee
  1212 | D        | Killed a killer bee
  1216 | D        | Killed a killer bee
  1218 | D        | Killed a killer bee
  1220 | D        | Killed a killer bee
  1355 | D        | Killed a killer bee
  1355 | D        | Reached XP level 10. HP: 44/44 MP: 26/26
  1357 | D        | Killed a killer bee
  1359 | D        | Killed a killer bee
  1359 | D        | Reached skill level 5 in Armour
  1361 | D        | Killed a killer bee
  1363 | D        | Killed a killer bee
  1365 | D        | Killed a killer bee
  1369 | D        | Killed a killer bee
  1371 | D        | Killed a killer bee
  1373 | D        | Killed a killer bee
  1375 | D        | Killed a killer bee
  1377 | D        | Killed a killer bee
  1379 | D        | Killed a killer bee
  1381 | D        | Killed a killer bee
  1385 | D        | Killed a killer bee
  1535 | D        | Killed a killer bee
  1538 | D        | Killed a killer bee
  1544 | D        | Killed a queen bee
  1544 | D        | Reached skill level 15 in Stealth
  1577 | D        | Killed an electric eel
  1639 | D        | Noticed Harold
  1639 | D        | Noticed Joseph
  1641 | D        | Killed Harold
  1641 | D        | Reached skill level 5 in Conjurations
  1648 | D        | Killed Joseph
  1698 | D        | Noticed a wandering mushroom
  1702 | D        | Noticed a wandering mushroom
  1704 | D        | Noticed a wandering mushroom
  1713 | D        | Killed a wandering mushroom
  1761 | D        | Killed a wandering mushroom
  1762 | D        | Killed a wandering mushroom
  1762 | D        | Reached skill level 16 in Stealth
  1782 | D        | Noticed a spiny frog
  1782 | D        | Noticed a komodo dragon
  1782 | D        | Noticed a spiny frog
  1787 | D        | Killed a spiny frog
  1789 | D        | Killed a spiny frog
  1789 | D        | Reached XP level 11. HP: 47/47 MP: 28/28
  1790 | D        | Killed a komodo dragon
  1800 | D        | Noticed a redback
  1802 | D        | Killed a redback
  1803 | D        | Noticed a brain worm
  1806 | D        | Killed a brain worm
  1806 | D        | Reached skill level 15 in Dodging
  1812 | D        | Noticed a brain worm
  1814 | D        | Killed a brain worm
  1819 | D        | Noticed a lindwurm
  1821 | D        | Noticed a redback
  1822 | D        | Killed a lindwurm
  1824 | D        | Killed a redback
  1829 | D        | Noticed a redback
  1830 | D        | Killed a redback
  1831 | D        | Noticed Maud
  1833 | D        | Killed Maud
  1833 | D        | Reached skill level 10 in Hexes
  1847 | D        | Learned a level 9 spell: Shatter
  1849 | D        | Noticed a seven-headed hydra
  1849 | D        | Noticed a six-headed hydra
  1851 | D        | Killed a seven-headed hydra
  1851 | D        | Reached skill level 17 in Stealth
  1851 | D        | Reached skill level 5 in Air Magic
  1851 | D        | Reached skill level 1 in Earth Magic
  1852 | D        | Killed a six-headed hydra
  1873 | D        | Noticed a death drake
  1876 | D        | Killed a death drake
  1886 | D        | Found a blossoming altar of Fedhas.
  1886 | D        | Noticed a spriggan
  1886 | D        | Noticed a spriggan druid
  1886 | D        | Noticed a spriggan
  1890 | D        | Killed a spriggan
  1892 | D        | Killed a spriggan druid
  1893 | D        | Killed a spriggan
  1963 | D        | Noticed a death drake
  1963 | D        | Noticed a swamp dragon skeleton
  1963 | D        | Noticed a swamp dragon skeleton
  1972 | D        | Killed from afar by a death drake

Vault maps used:
D:        dungeon_sprint_mu

Action                   |  1- 3 |  4- 6 |  7- 9 | 10-12 || total
-------------------------+-------+-------+-------+-------++-------
Melee: Dagger            |    11 |    10 |    25 |    59 ||   105
 Cast: Ensorcelled Hiber |     3 |       |    12 |    17 ||    32
       Corona            |     1 |       |       |       ||     1
       Dazzling Spray    |       |    12 |     4 |    11 ||    27
       Static Discharge  |       |       |     8 |       ||     8
Invok: Shadow Step       |       |       |       |     4 ||     4
  Use: Potion            |       |     4 |       |       ||     4
       Scroll            |       |     3 |       |       ||     3
 Stab: Sleeping          |     4 |     4 |    17 |    31 ||    56
       Invisible         |       |       |     1 |     4 ||     5
  Eat: Bread ration      |       |       |       |     1 ||     1
